 Dungeon Crawl Stone Soup version 0.29-a0-23-ga79f92a (webtiles) character file.

Game seed: 13490336320973068504

1854 Illumine the Cleaver (level 8, 0/69 HPs)
             Began as a Palentonga Berserker on Jan 30, 2022.
             Was a Believer of Trog.
             Succumbed to a hornet's poison
             ... on level 7 of the Dungeon.
             The game lasted 00:05:15 (6424 turns).

Illumine the Cleaver (Palentonga Berserker)         Turns: 6424, Time: 00:05:15

Health: 0/69       AC: 11    Str: 23    XL:     8   Next: 89%
Magic:  8/8        EV:  5    Int:  8    God:    Trog [**....]
Gold:   305        SH:  0    Dex:  9    Spells: 7/7 levels left

rFire   . . .      SeeInvis +   a - +2 war axe (vamp)
rCold   . . .      Faith    .   (no shield)
rNeg    . . .      Spirit   .   d - +0 plate armour
rPois   .          Reflect  .   g - +0 helmet
rElec   .          Harm     .   (no cloak)
rCorr   .          Rampage  .   (no gloves)
Will    .....                   (no barding)
Stlth   ..........              (no amulet)
HPRegen 0.21/turn               (no ring)
MPRegen 0.11/turn               (no ring)

@: lethally poisoned (0 -> -11), on berserk cooldown, slowed, very slow
A: large, rugged brown scales 3, see invisible, deformed body, roll 1, armoured
tail, reflexive curl
a: Rolling Charge, Renounce Religion, Berserk, Trog's Hand


You were on level 7 of the Dungeon.
You worshipped Trog.
Trog was pleased with you.
You visited 1 branch of the dungeon, and saw 7 of its levels.

You collected 305 gold pieces.

Inventory:

Hand Weapons
 a - a +2 vampiric war axe (weapon)
 c - a +0 hand axe of electrocution
Missiles
 k - 3 silver boomerangs
 m - 3 boomerangs
 n - 6 poisoned darts
Armour
 b - a +0 animal skin
 d - a +0 plate armour (worn)
 g - a +0 helmet (worn)
Jewellery
 w - a ring of ice
Wands
 l - a wand of digging (12)
 q - a wand of flame (18)
 s - a wand of polymorph (7)
 y - a wand of iceblast (13)
Scrolls
 o - 2 scrolls of fog
 p - a scroll of fear {unknown}
 t - a scroll of teleportation {unknown}
 v - a scroll of blinking {unknown}
 x - 3 scrolls of identify
Potions
 e - 3 potions of curing
 f - 3 potions of attraction
 h - a potion of heal wounds {unknown}
 i - 3 potions of lignification {unknown}
 j - a potion of flight {unknown}
 r - 2 potions of haste {unknown}
 u - a potion of mutation {unknown}


   Skills:
 + Level 6.5 Fighting
 * Level 8.8 Axes
 + Level 5.0 Armour
 - Level 1.5 Dodging


You had 7 spell levels left.
You didn't know any spells.
Your spell library was empty.

Dungeon Overview and Level Annotations

Branches:
Dungeon (7/15)             Temple (0/1) D:4

Altars:


Innate Abilities, Weirdness & Mutations

You are completely covered in rugged brown scales. (AC +3, +7% HP)
You have supernaturally acute eyesight. (SInv)
Armour fits poorly on your strangely shaped body.
You can roll at nearby foes to attack.
You have a long armoured tail.
You curl defensively after being hit. (AC +7*)


Message History

You feel as though you will be slow longer.
You closely miss the hornet.
The hornet is almost dead.
You slash the bullfrog zombie!
* * * LOW HITPOINT WARNING * * *
You feel extremely sick. The bullfrog zombie hits you.
* * * LOW HITPOINT WARNING * * *
The hornet barely misses you. The bullfrog zombie hits you.
* * * LOW HITPOINT WARNING * * *
Unknown command.
You are too berserk!
You slash the hornet!
You kill the hornet!
Trog accepts your kill.
You slash the bullfrog zombie!
* * * LOW HITPOINT WARNING * * *
You feel extremely sick. The bullfrog zombie barely misses you.
You slice the bullfrog zombie!!
You destroy the bullfrog zombie!
Trog accepts your kill.
* * * LOW HITPOINT WARNING * * *
You feel very sick.
Your Armour skill increases to level 5!
Unknown command.
You are too berserk!
Okay, then.
You are too berserk!
You are too berserk!
* * * LOW HITPOINT WARNING * * *
You feel very sick.
You see here a hornet corpse.
You feel a strong urge to attack something.
* * * LOW HITPOINT WARNING * * *
You feel very sick.
You are no longer berserk.
You are exhausted.
You feel as though you will be slow longer.
You die...

#..............
#....h.........
#.....S........
##†##############
#..............+
#.....†........#
#..............#
#..............#
#.......@......#
#########.....##
.....# ..[..#
.....# .....#
.....# .....#


There were no monsters in sight!

Vanquished Creatures
  A hornet (D:7)
  Sigmund (D:5)
  2 water moccasins
  A necrophage (D:6)
  An orc warrior (D:6)
  2 ogres
  2 phantoms
  A water moccasin zombie (D:5)
  A scorpion (D:5)
  A howler monkey (D:7)
  A bullfrog zombie (D:7)
  3 hounds
  2 orc priests (D:4)
  2 bullfrog skeletons
  Terence (D:3)
  An iguana (D:4)
  6 orc wizards
  A scorpion zombie (D:5)
  2 hound skeletons
  7 adders
  A white imp (D:4)
  5 worms
  9 orcs
  8 endoplasms
  2 giant cockroaches
  4 goblins
  3 hobgoblins (D:1)
  10 jackals
  2 quokkas
  5 ball pythons
  3 bats
  3 frilled lizards
  5 kobolds
  3 rats
102 creatures vanquished.

Notes
Turn   | Place    | Note
-------+----------+-------------------------------------------
     0 | D:1      | Illumine the Palentonga Berserker began the quest for the
                  | Orb.
     0 | D:1      | Reached XP level 1. HP: 19/19 MP: 1/1
   375 | D:1      | Reached XP level 2. HP: 19/25 MP: 2/2
   998 | D:2      | Reached XP level 3. HP: 31/31 MP: 3/3
  2030 | D:3      | Reached skill level 4 in Axes
  2031 | D:3      | Noticed Terence
  2058 | D:3      | Killed Terence
  2059 | D:3      | Reached XP level 4. HP: 19/38 MP: 4/4
  2291 | D:3      | Reached ** piety under Trog
  3178 | D:4      | Found a staircase to the Ecumenical Temple.
  3283 | D:4      | Reached XP level 5. HP: 44/44 MP: 5/5
  3609 | D:4      | Noticed a phantom
  3618 | D:4      | Killed a phantom
  3619 | D:4      | Reached skill level 5 in Axes
  3619 | D:4      | Reached XP level 6. HP: 25/51 MP: 6/6
  4618 | D:5      | Entered Level 5 of the Dungeon
  4620 | D:5      | Reached skill level 6 in Axes
  4624 | D:5      | Gained mutation: You curl defensively after being hit. (AC
                  | +7*) [Palentonga growth]
  4624 | D:5      | Reached XP level 7. HP: 58/58 MP: 7/7
  4654 | D:5      | Noticed Sigmund
  4664 | D:5      | Killed Sigmund
  4665 | D:5      | Reached skill level 5 in Fighting
  4741 | D:5      | Reached skill level 7 in Axes
  5279 | D:6      | Reached XP level 8. HP: 55/67 MP: 8/8
  5938 | D:6      | Reached skill level 8 in Axes
  6335 | D:7      | Found the +3 robe of Clouds {*Thunder rCloud rElec}
  6411 | D:7      | Noticed a hornet
  6420 | D:7      | Killed a hornet
  6422 | D:7      | Reached skill level 5 in Armour
  6423 | D:7      | HP: 5/103 [poisoned by a hornet]
  6424 | D:7      | Succumbed to a hornet's poison

Illustrated notes

Levels and vault maps discovered:
D:1:      nagdon_arrival_zigzag_paths, layout_basic
D:2:      layout_basic
D:3:      layout_basic, kennysheep_generic_room_8, uniq_terence
D:4:      layout_basic, minmay_temple_entry_butterflies, minmay_between
D:5:      layout_rooms, uniq_sigmund
D:6:      layout_basic, grunt_decor_fettered
D:7:      layout_gridville, uniq_pikel

Skill      XL: |  1  2  3  4  5  6  7  8 |
---------------+-------------------------+-----
Armour         | 2 3 4 5 |  5.0
Axes           | 4 5 6 7 8 |  8.8
Fighting       | 4 5 6 |  6.5
Dodging        | |  1.5

Action                   |  1- 3 |  4- 6 |  7- 9 || total
-------------------------+-------+-------+-------++-------
Melee: Hand axe          |   117 |    48 |       ||   165
       Tailslap          |    13 |     9 |    15 ||    37
       Punch             |     1 |       |     2 ||     3
       War axe           |       |    60 |    99 ||   159
Invok: Berserk           |     2 |     2 |     4 ||     8
 Abil: Rolling Charge    |    11 |     6 |     5 ||    22
  Use: Scroll            |       |     3 |       ||     3
Armor: Animal skin       |     8 |       |       ||     8
       Plate armour      |    65 |    55 |    48 ||   168
Dodge: Dodged            |    28 |    28 |    24 ||    80

Table legend: (Time is in decaauts)
 A = Elapsed time spent in this place.
 B = Non-inter-level travel time spent in this place.
 C = Inter-level travel time spent in this place.
 D = Time resting spent in this place.
 E = Time spent auto-exploring this place.
 F = Levels seen in this place.
 G = Mean time per level.
                   A        B        C        D        E       F      G
               +--------+--------+--------+--------+--------+-----+--------+
         Total |   6523 |   6369 |    154 |    799 |   4784 |   7 |  931.9 |
       Dungeon |   6523 |   6369 |    154 |    799 |   4784 |   7 |  931.9 |
               +--------+--------+--------+--------+--------+-----+--------+

Top non-repeatable levels by time:
     D:4: 1481 daAuts
     D:2: 1302 daAuts
     D:3: 1186 daAuts
     D:6: 1103 daAuts
     D:1: 702 daAuts
     D:5: 593 daAuts
     D:7: 152 daAuts
